 Dungeon Crawl Stone Soup version 0.25.1-8-g42b30a86e7 (webtiles) character file.

Game seed: 2083609887227545576

3339 hehateme the Fighter (level 10, 0/82 HPs)
             Began as a Human Fighter on Dec 15, 2020.
             Succumbed to a hornet's poison
             ... on level 7 of the Dungeon.
             The game lasted 00:20:48 (8810 turns).

hehateme the Fighter (Human Fighter)                Turns: 8810, Time: 00:20:48

Health: 0/82       AC: 13    Str: 19    XL:     10   Next: 22%
Magic:  10/10      EV:  4    Int:  9    God:
Gold:   452        SH: 18    Dex: 13    Spells: 9/9 levels left

rFire    + . .     SeeInvis .   L - +2 hand axe (elec)
rCold    + . .     Gourm    .   P - +2 kite shield
rNeg     + . .     Faith    .   u - +0 plate armour (curse)
rPois    .         Spirit   .   (no helmet)
rElec    .         Reflect  +   n - scarf {rC+ rF+}
rCorr    .         Harm     .   (no gloves)
MR       .....                  (no boots)
Stlth    ..........             S - amulet of reflection
HPRegen  0.23/turn              p - ring of positive energy {rN+}
MPRegen  0.12/turn              (no ring)

@: mighty, lethally poisoned (0 -> -7), hasted and slowed, studying Short Blades
A: no striking features
a: no special abilities


You were on level 7 of the Dungeon.
You were hungry.

You visited 2 branches of the dungeon, and saw 9 of its levels.

You collected 452 gold pieces.

Inventory:

Hand Weapons
 a - a +0 war axe
 d - the +9 whip of Turmoil {distort, *Slow rElec rN+ Stlth+}
   (You found it on level 5 of the Dungeon)

   It warps and distorts space around it.
   Unwielding it can cause banishment or high damage.
   It insulates you from electricity.
   It protects you from negative energy.
   It may slow you when you take damage.
   It makes you more stealthy.
 y - a +0 hunting sling
   (You took it off a goblin on level 2 of the Dungeon)
 C - a +0 lajatang
   (You found it on level 3 of the Dungeon)
 L - a +2 hand axe of electrocution (weapon)
   (You took it off a goblin on level 1 of the Dungeon)
Missiles
 x - 191 stones (quivered)
 T - 3 silver boomerangs
Armour
 b - a +0 scale mail
 c - a +0 kite shield
 k - a +0 helmet
   (You took it off Robin on level 2 of the Dungeon)
 n - a scarf of resistance (worn)
   (You found it on level 1 of the Dungeon)
 t - a cursed +0 cloak
   (You found it on level 2 of the Dungeon)
 u - a cursed +0 plate armour (worn)
   (You found it on level 2 of the Dungeon)
 w - a +0 pair of boots
   (You found it on level 3 of the Dungeon)
 D - a +0 kite shield of cold resistance
   (You found it on level 3 of the Dungeon)
 G - a +0 chain mail
   (You took it off an orc on level 3 of the Dungeon)
 H - a +0 plate armour
   (You found it on level 3 of the Dungeon)
 K - a +0 helmet
   (You found it on level 4 of the Dungeon)
 P - a +2 kite shield (worn)
   (You found it on level 5 of the Dungeon)
Magical Staves
 O - an uncursed staff of earth {unknown}
   (You found it on level 5 of the Dungeon)
Jewellery
 p - a ring of positive energy (left hand) {rN+}
   (You found it on level 2 of the Dungeon)
 r - an uncursed amulet of regeneration {+regen, !d}
   (You found it on level 3 of the Dungeon)
 v - an uncursed ring of protection from cold {rC+, !d}
   (You took it off an orc on level 3 of the Dungeon)
 z - an uncursed amulet of guardian spirit {Spirit}
   (You found it on level 4 of the Dungeon)
 S - an amulet of reflection (around neck)
   (You found it on level 5 of the Dungeon)
Wands
 s - a wand of polymorph (2)
   (You found it on level 2 of the Dungeon)
 N - a wand of digging (6)
   (You found it on level 5 of the Dungeon)
 V - a wand of flame (25)
   (You found it on level 6 of the Dungeon)
 Y - a wand of random effects (19)
   (You found it on level 7 of the Dungeon)
Scrolls
 e - 2 scrolls of identify
 h - a scroll of immolation {!r}
 l - 2 scrolls of remove curse {unknown}
 m - 3 scrolls of magic mapping {!r}
 o - 4 scrolls of teleportation
 q - 2 scrolls of enchant weapon
 A - 2 scrolls of enchant armour {unknown}
 F - 4 scrolls of fear {unknown}
 I - a scroll of fog
 J - 2 scrolls of blinking {unknown}
 M - a scroll of acquirement {unknown}
 U - a scroll of vulnerability {unknown}
Potions
 g - 4 potions of stabbing
 i - 2 potions of resistance
 B - a potion of heal wounds
 E - a potion of brilliance
 Q - 3 potions of mutation {!q}
Books
 Z - a manual of Short Blades {!d}
   (You found it on level 8 of the Dungeon)
Comestibles
 f - 10 rations


   Skills:
 + Level 8.6 Fighting
 - Level 4.4 Axes
 - Level 8.4 Armour
 * Level 7.8 Shields


You had 9 spell levels left.
You didn't know any spells.
Your spell library contained the following spells:

 Spells                   Type           Power        Failure   Level  Hunger
 Beastly Appendage        Tmut           #.....       100%        1    ##.....
 Sticks to Snakes         Tmut           #.......     100%        2    ###....
 Spider Form              Tmut/Pois      #.........   100%        3    ####...
 Ice Form                 Ice/Tmut       #.......     100%        4    #####..
 Blade Hands              Tmut           #.........   100%        5    ######.


Dungeon Overview and Level Annotations

Branches:
Dungeon (8/15)             Temple (1/1) D:5
   Lair: D:8-11

Altars:
Ashenzari
Cheibriados
Dithmenos
Elyvilon
Fedhas
Kikubaaqudgha
Makhleb
Nemelex Xobeh
Okawaru
Ru
Sif Muna
Trog
Uskayaw
Vehumet
Wu Jian
Xom
Yredelemnul
The Shining One


Message History

Some rock shatters into small pieces.
You take 3 damage, and have 69/82 hp.
You barely miss the hornet.
You feel sick.
The hornet stings you but does no damage.
You block the hornet's attack.
You hit the hornet but do no damage. Lightning courses through the hornet!
You feel yourself speed up.
You feel sick. You block the hornet's attack.
The orc zaps a wand.
Some rock shatters into small pieces.
You block the hornet's attack. x2
You take 1 damage, and have 68/82 hp.
Your plate armour prevents you from hitting the hornet.
You feel sick. You block the hornet's attack.
You take 1 damage, and have 67/82 hp.
Your plate armour prevents you from hitting the hornet.
You hit the orc but do no damage. You block the hornet's attack.
The orc barely misses you. The hornet stings you!
You feel yourself slow down.
You take 6 damage, and have 61/82 hp.
You hit the hornet. You hit the centaur skeleton.
Lightning courses through the centaur skeleton!
You hit the orc.
You feel yourself speed up.
You feel sick. You block the hornet's attack. You block the orc's attack.
You block the centaur skeleton's attack.
The hornet stings you.
You are more poisoned.
You feel yourself slow down. The orc hits you but does no damage.
The centaur skeleton hits you.
You take 6 damage, and have 55/82 hp.
You feel sick. You block the hornet's attack.
The orc zaps a wand.
Some rock shatters into small pieces.
You block the hornet's attack.
Found a pink potion.
Found a stone staircase leading down.
You take 2 damage, and have 53/82 hp.
You feel yourself speed up.
You feel sick. The hornet stings you.
You are more poisoned.
You suddenly lose the ability to move!
You feel sick. The hornet stings you!
You feel yourself slow down.
The centaur skeleton hits you but does no damage.
You can move again.
You take 13 damage, and have 40/82 hp.
You feel sick.
You hear a zap.
Some rock shatters into small pieces.
You block the hornet's attack.
You take 2 damage, and have 38/82 hp.
You feel yourself speed up.
You feel very sick. You block the hornet's attack.
You block the centaur skeleton's attack.
You block the hornet's attack.
You take 2 damage, and have 36/82 hp.
You feel sick.
There is a stone staircase leading up here.
You take 1 damage, and have 35/82 hp.
You feel sick. You block the hornet's attack. The centaur skeleton hits you.
The hornet stings you.
You feel yourself slow down.
You climb upwards.
You feel yourself speed up.
You feel very sick.
There is a stone staircase leading down here.
You take 9 damage, and have 26/82 hp.
You hit the hornet.
You feel sick. You block the hornet's attack.
The hornet stings you but does no damage.
You take 1 damage, and have 25/82 hp.
You closely miss the hornet.
You feel sick.
The hornet stings you but does no damage.
You take 1 damage, and have 24/82 hp.
You completely miss the hornet.
You feel sick. The hornet stings you.
* * * LOW HITPOINT WARNING * * *
You feel yourself slow down. The hornet stings you.
* * * LOW HITPOINT WARNING * * *
You are more poisoned.
You feel as though you will be slow longer.
You take 7 damage, and have 17/82 hp.
You feel better. The hornet stings you.
* * * LOW HITPOINT WARNING * * *
You feel as though you will be slow longer.
The hornet closely misses you.
You regained 4 hp, and now have 21/82 hp.
You feel very mighty all of a sudden. The hornet stings you!
* * * LOW HITPOINT WARNING * * *
You feel as though you will be slow longer.
You block the hornet's attack.
You take 11 damage, and have 10/82 hp.
You slash the hornet! The hornet stings you!
* * * LOW HITPOINT WARNING * * *
You feel as though you will be slow longer.
The hornet completely misses you. The hornet stings you.
* * * LOW HITPOINT WARNING * * *
You are lethally poisoned!
You feel as though you will be slow longer.
You take 9 damage, and have 1/82 hp.
You feel yourself speed up.
You die...

####### #.....######
#.....##...#
#.^...+..#.######
#.....####.#....####
#..)....[...<.......
##y@................
##..####.###.#..####
#........# #.#.#....
###...#### #.#.#.##.
#....# #.#.#..#.
####.#..# #.#.#..##
#....#..#####.#....#<
#.####........###....
#.#....######## ##...


You could see a hornet.

Vanquished Creatures
  A salamander (shapeshifter) (D:7)
  A blink frog (D:6)
  A hornet (D:7)
  A hippogriff (D:8)
  Eustachio (D:6)
  Duvessa (D:5)
  4 slaves (D:6)
  2 ice beasts (D:6)
  An orc warrior (D:7)
  A phantom (D:6)
  2 sky beasts
  2 ogres (D:6)
  2 centaurs
  A bullfrog (D:7)
  2 scorpions
  Dowan (D:6)
  A bullfrog zombie (D:5)
  4 crimson imps
  A centaur zombie (D:6)
  A bullfrog skeleton (D:7)
  2 orc priests
  2 jellies (D:7)
  4 hounds
  5 orc wizards
  A centaur skeleton (D:8)
  3 iguanas
  6 worker ants
  A hound zombie (D:8)
  Robin (D:2)
  4 gnolls (D:6)
  6 adders
  A shadow imp (D:7)
  2 oozes
  An adder zombie (D:6)
  3 adder skeletons
  3 worms
  3 dart slugs
  4 leopard geckos
  17 orcs
  A ball python (D:6)
  18 goblins
  12 hobgoblins
  9 jackals
  4 quokkas
  3 bats
  3 frilled lizards
  2 jackal skeletons
  4 kobolds
  A quokka zombie (D:6)
  7 rats
164 creatures vanquished.

Notes
Turn   | Place    | Note
-------+----------+-------------------------------------------
     0 | D:1      | hehateme the Human Fighter began the quest for the Orb.
     0 | D:1      | Reached XP level 1. HP: 18/18 MP: 1/1
   282 | D:1      | Reached XP level 2. HP: 17/24 MP: 2/2
  1008 | D:1      | Reached XP level 3. HP: 29/29 MP: 3/3
  1471 | D:2      | Found a white marble altar of Elyvilon.
  1471 | D:2      | Found a shadowy altar of Dithmenos.
  1505 | D:2      | Noticed Robin
  1509 | D:2      | Reached skill level 4 in Armour
  1535 | D:1      | HP: 7/29 [goblin/+1 hand axe of electrocution[Robin] (4)]
  1541 | D:1      | HP: 6/29 [adder (3)]
  1543 | D:1      | Reached XP level 4. HP: 6/35 MP: 4/4
  2168 | D:2      | Killed Robin
  2761 | D:2      | Reached XP level 5. HP: 21/42 MP: 5/5
  2970 | D:3      | Reached skill level 4 in Fighting
  2970 | D:3      | Reached skill level 5 in Armour
  3540 | D:3      | Reached XP level 6. HP: 45/48 MP: 6/6
  4330 | D:5      | Entered Level 5 of the Dungeon
  4342 | D:5      | Reached skill level 6 in Armour
  4432 | D:5      | Reached XP level 7. HP: 47/55 MP: 7/7
  4444 | D:5      | Reached skill level 5 in Fighting
  4587 | D:5      | HP: 13/56 [something (3)]
  4706 | D:5      | Got a brightly glowing whip
  4707 | D:5      | Identified the +9 whip of Turmoil {distort, *Slow rElec rN+
                  | Stlth+} (You found it on level 5 of the Dungeon)
  4918 | D:5      | Found a staircase to the Ecumenical Temple.
  4923 | Temple   | Entered the Ecumenical Temple
  5198 | D:6      | Reached skill level 7 in Armour
  5432 | D:6      | Noticed Dowan
  5432 | D:6      | Noticed Duvessa
  5450 | D:6      | Killed Dowan
  5450 | D:6      | Reached XP level 8. HP: 59/63 MP: 8/8
  5488 | D:5      | Killed Duvessa
  5777 | D:6      | Reached skill level 6 in Fighting
  5777 | D:6      | Reached skill level 8 in Armour
  6098 | D:6      | Reached skill level 3 in Axes
  6098 | D:6      | Noticed Pikel
  6228 | D:6      | Noticed Pikel
  6228 | D:6      | Pikel changed into Pikel the harpy
  6243 | D:6      | HP: 13/65 [Pikel the harpy (8)]
  6244 | D:6      | HP: 6/65 [Pikel the harpy (2)]
  6246 | D:6      | Noticed Pikel
  6246 | D:6      | Pikel the harpy changed into Pikel the black mamba
  6249 | D:6      | Noticed Pikel
  6249 | D:6      | Pikel the black mamba changed into Pikel the blink frog
  6253 | D:6      | HP: 13/65 [Pikel the blink frog (8)]
  6430 | D:6      | Killed Pikel the blink frog
  6430 | D:6      | Reached skill level 4 in Axes
  6430 | D:6      | Reached XP level 9. HP: 55/71 MP: 9/9
  6551 | D:6      | Noticed Eustachio
  6569 | D:6      | Killed Eustachio
  6569 | D:6      | Reached skill level 7 in Fighting
  6667 | D:6      | Reached skill level 4 in Shields
  7396 | D:7      | Reached skill level 5 in Shields
  7542 | D:7      | Noticed a hornet
  7549 | D:7      | Paralysed by a hornet for 2 turns
  7556 | D:7      | Killed a hornet
  7904 | D:8      | Reached skill level 6 in Shields
  8071 | D:8      | Reached skill level 8 in Fighting
  8183 | D:8      | Noticed a hippogriff
  8257 | D:8      | Killed a hippogriff
  8257 | D:8      | Reached XP level 10. HP: 49/80 MP: 10/10
  8515 | D:8      | Noticed a yaktaur
  8515 | D:8      | a hippogriff changed into a yaktaur
  8520 | D:8      | Noticed a spiny frog
  8520 | D:8      | a yaktaur changed into a spiny frog
  8526 | D:8      | a spiny frog changed into a jumping spider
  8564 | D:8      | Noticed a black mamba
  8588 | D:8      | Noticed a salamander
  8602 | D:7      | Killed a salamander
  8602 | D:7      | Reached skill level 7 in Shields
  8797 | D:8      | Paralysed by a hornet for 2 turns
  8806 | D:7      | HP: 19/82 [hornet (4)]
  8809 | D:7      | HP: 2/82 [hornet (8)]
  8810 | D:7      | Succumbed to a hornet's poison

Illustrated notes

Levels and vault maps discovered:
D:1:      beargit_arrival_greenhouse, layout_loops_ring, minivault_5
D:2:      layout_rooms, chequers_temple_overflow_statue_of_worship,
          first_ration, uniq_robin
D:3:      layout_basic
D:4:      layout_cave_pools
D:5:      layout_rooms, minmay_temple_entry_nine_rooms, minmay_circle_x
D:6:      layout_gridville, uniq_pikel, uniq_duvessa, uniq_eustachio
D:7:      layout_basic
D:8:      cheibrodos_barr_body, layout_basic, grunt_livestock, minivault_26,
          minmay_manual_mail
Temple:   nicolae_temple_elliptical

Skill      XL: |  1  2  3  4  5  6  7  8  9 10 |
---------------+-------------------------------+-----
Armour         | 4 5 6 7 8 |  8.4
Fighting       | 4 5 6 8 |  8.6
Axes           | 4 |  4.4
Shields        | 6 7 |  7.8

Action                   |  1- 3 |  4- 6 |  7- 9 | 10-12 || total
-------------------------+-------+-------+-------+-------++-------
Melee: War axe           |    86 |   169 |       |       ||   255
       Hand axe          |       |    16 |   393 |    47 ||   456
Throw: Stone             |       |    36 |    61 |     2 ||    99
Evoke: Wand              |       |       |     5 |       ||     5
  Use: Potion            |     2 |       |     4 |     3 ||     9
       Scroll            |       |       |    13 |       ||    13
  Eat: Chunk             |     2 |     7 |     9 |     1 ||    19
       Ration            |       |     1 |     1 |       ||     2
Armor: Scale mail        |    36 |    29 |       |       ||    65
       Plate armour      |       |    99 |   286 |    15 ||   400
Dodge: Dodged            |    29 |    32 |    74 |     7 ||   142
Block: Kite shield       |    55 |   103 |   294 |    53 ||   505

Levels and vault maps discovered:
D:1:      beargit_arrival_greenhouse, layout_loops_ring, minivault_5
D:2:      layout_rooms, chequers_temple_overflow_statue_of_worship,
          first_ration, uniq_robin
D:3:      layout_basic
D:4:      layout_cave_pools
D:5:      layout_rooms, minmay_temple_entry_nine_rooms, minmay_circle_x
D:6:      layout_gridville, uniq_pikel, uniq_duvessa, uniq_eustachio
D:7:      layout_basic
D:8:      cheibrodos_barr_body, layout_basic, grunt_livestock, minivault_26,
          minmay_manual_mail
Temple:   nicolae_temple_elliptical

Table legend:
 A = Turns spent in this place as a percentage of turns spent in the entire game.
 B = Non-inter-level travel turns spent in this place as a percentage of non-inter-level travel turns spent in the entire game.
 C = Inter-level travel turns spent in this place as a percentage of turns spent in this place.
 D = Turns resting spent in this place as a percentage of non-inter-level travel turns spent in this place.
 E = Turns spent auto-exploring this place as a percentage of non-inter-level travel turns spent in this place.
 F = Non-inter-level travel turns spent in this place divided by the number of levels of this place that you've seen.
                   A       B       C       D       E      F
               +-------+-------+-------+-------+-------+----------------------
         Total | 100.0 | 100.0 |   6.9 |  21.0 |  55.7 | 911.6
       Dungeon |  97.9 |  98.1 |   6.7 |  21.4 |  55.0 | 1005.9
        Temple |   2.1 |   1.9 |  13.3 |   0.0 |  89.8 | 157.0
               +-------+-------+-------+-------+-------+----------------------

Table legend:
 A = Kills in this place as a percentage of kills in entire the game.
 B = Kills by you in this place as a percentage of kills by you in the entire game.
 C = Kills by friends in this place as a percentage of kills by friends in the entire game.
 D = Other kills in this place as a percentage of other kills in the entire game.
 E = Experience gained in this place as a percentage of experience gained in the entire game.
 F = Experience gained in this place divided by the number of levels of this place that you have seen.
                   A       B       C       D       E      F
               +-------+-------+-------+-------+-------+----------------------
         Total | 100.0 | 100.0 |   N/A |   N/A | 100.0 | 530.1
       Dungeon | 100.0 | 100.0 |   N/A |   N/A | 100.0 | 596.4
               +-------+-------+-------+-------+-------+----------------------
